 Dungeon Crawl Stone Soup version 0.17-a0-1360-g37db002 (webtiles) character file.

101352 Kidiri the Unseen (level 15, -1/63 HPs)
             Began as a Spriggan Enchanter on June 10, 2015.
             Was a High Priest of Dithmenos.
             Killed by divine providence
             ... invoked by a deep elf priest
              (13 damage)
             ... on level 2 of the Elven Halls on June 11, 2015.
             The game lasted 05:09:04 (38823 turns).

Kidiri the Unseen (Spriggan Enchanter)             Turns: 38823, Time: 05:09:04

Health: -1/63      AC: 11    Str: 11    XL:     15   Next: 83%
Magic:  42/42      EV: 32    Int: 22    God:    Dithmenos [*****.]
Gold:   787        SH:  9    Dex: 21    Spells: 12 memorised, 3 levels left

rFire  . . .     SeeInvis +     A - +10 dagger of Integrity {elec, *Confuse Str+6}
rCold  + . .     Clarity  .     C - +1 robe of the Illusory Mice {rPois rC+ Str+3}
rNeg   . . .     SustAt   .     M - +3 buckler {AC+3}
rPois  +         Gourm    .     S - +2 hat
rElec  +         Spirit   .     D - +2 cloak {+Inv}
rCorr  .         Warding  .     (gloves unavailable)
rMut   +         Stasis   .     (boots unavailable)
MR     ++...                    g - amulet "Zoyr Kar" {rMut *Corrode rElec Int+3 Slay+2}
Stlth  ++++++++++               s - ring of magical power
                                u - ring of wizardry

@: wreathed by umbra, drained, very quick, very resistant to hostile
enchantments, uncannily stealthy
A: unfitting armour, see invisible, herbivore 3, speed 3, sense surroundings 1,
slow metabolism 2, weak 1, no device heal 1
a: Shadow Step, Shadow Form, Renounce Religion, Evoke Invisibility


You were on level 2 of the Elven Halls.
You worshipped Dithmenos.
Dithmenos was extremely pleased with you.
You were not hungry.

You visited 5 branches of the dungeon, and saw 27 of its levels.
You also visited: Labyrinth, Ossuary and Volcano.

You collected 2748 gold pieces.
You spent 1961 gold pieces at shops.

Inventory:

Hand weapons
 A - the +10 dagger of Integrity (weapon) {elec, *Confuse Str+6}
   (You found it on level 1 of the Orcish Mines)

   Occasionally, upon striking a foe, it will discharge some electrical energy
   and cause terrible harm.
   It affects your strength (+6).
   It may confuse you when you take damage.
Armour
 c - a +1 fire dragon armour
 C - the +1 robe of the Illusory Mice (worn) {rPois rC+ Str+3}
   (You bought it in a shop on level 1 of the Orcish Mines)

   It affects your strength (+3).
   It protects you from cold.
   It protects you from poison.
 D - a +2 cloak of invisibility (worn)
 H - the +2 robe of Truth {Int+2}
   (You found it on level 7 of the Lair of Beasts)

   It affects your intelligence (+2).
 L - a +2 robe of positive energy
 M - a +3 buckler of protection (worn)
 S - a +2 hat (worn)
 Z - the +1 robe of Tatt {rF+ MR+}
   (You found it in a labyrinth)

   It protects you from fire.
   It affects your resistance to hostile enchantments.
Jewellery
 g - the amulet "Zoyr Kar" (around neck) {rMut *Corrode rElec Int+3 Slay+2}
   (You acquired it on level 8 of the Lair of Beasts)

   [amulet of resist mutation]

   It protects you from mutation.
   It affects your intelligence (+3).
   It affects your accuracy and damage with ranged weapons and melee attacks
   (+2).
   It insulates you from electricity.
   It may corrode your equipment when you take damage.
 m - a +6 ring of strength
 q - an uncursed ring of ice
 r - an uncursed ring of teleportation
 s - a ring of magical power (right hand)
 u - a ring of wizardry (left hand)
 w - an uncursed ring of protection from magic
 N - an uncursed ring of protection from fire
 P - an uncursed ring of flight
Magical devices
 f - a wand of disintegration (16)
 z - a wand of teleportation (4)
 K - a wand of hasting (4)
 T - a wand of enslavement (5)
 W - a wand of paralysis (11)
Scrolls
 e - a scroll of holy word
 i - 13 scrolls of remove curse
 j - 4 scrolls of recharging
 p - 7 scrolls of teleportation
 t - 3 scrolls of amnesia
 y - 2 scrolls of fear
 I - a scroll of summoning
 R - 6 scrolls of magic mapping
 X - 3 scrolls of fog
Potions
 b - 4 potions of haste
 h - 12 potions of curing
 k - 5 potions of agility
 l - 8 potions of flight
 n - a potion of heal wounds
 o - a potion of mutation
 B - 5 potions of might
 F - 2 potions of berserk rage
 J - 3 potions of brilliance
 O - 2 potions of resistance
 Q - 4 potions of cancellation
 U - 3 potions of invisibility
Books
 a - a book of Conjurations

   Spells                             Type                      Level
   a - Magic Dart                     Conjuration                  1
   b - Searing Ray                    Conjuration                  2
   c - Dazzling Spray                 Conjuration/Hexes            3
   d - Fulminant Prism                Conjuration/Hexes            4
   e - Iskenderun's Mystic Blast      Conjuration                  4
   f - Iskenderun's Battlesphere      Conjuration/Charms           5
 v - a book of Beasts

   Spells                             Type                      Level
   a - Summon Butterflies             Summoning                    1
   b - Call Canine Familiar           Summoning                    3
   c - Summon Ice Beast               Ice/Summoning                4
   d - Summon Mana Viper              Hexes/Summoning              5
   e - Summon Hydra                   Summoning                    7
 x - a book of Control

   Spells                             Type                      Level
   a - Control Undead                 Necromancy                   4
   b - Metabolic Englaciation         Hexes/Ice                    5
   c - Mass Confusion                 Hexes                        6
 E - a book of Unlife

   Spells                             Type                      Level
   a - Recall                         Summoning/Translocation      3
   b - Animate Dead                   Necromancy                   4
   c - Control Undead                 Necromancy                   4
   d - Cigotuvi's Embrace             Necromancy                   5
   e - Death Channel                  Necromancy                   6
   f - Simulacrum                     Ice/Necromancy               6
 G - a book of Debilitation

   Spells                             Type                      Level
   a - Corona                         Hexes                        1
   b - Slow                           Hexes                        2
   c - Gell's Gravitas                Hexes/Translocation          3
   d - Inner Flame                    Hexes/Fire                   3
   e - Cause Fear                     Hexes                        4
   f - Leda's Liquefaction            Hexes/Earth                  4
 V - a book of Envenomations

   Spells                             Type                      Level
   a - Spider Form                    Transmutation/Poison         3
   b - Alistair's Intoxication        Transmutation/Poison         4
   c - Olgreb's Toxic Radiance        Poison                       4
   d - Poisonous Cloud                Conjuration/Poison/Air       6
Comestibles
 d - 7 bread rations


   Skills:
 + Level 8.4(7.5) Short Blades
 + Level 7.6(6.7) Throwing
 + Level 2.2(1.4) Armour
 * Level 15.2(14.1) Dodging
 * Level 16.5(15.4) Stealth
 + Level 2.0(1.2) Shields
 * Level 13.0(12.0) Spellcasting
 + Level 5.5(4.7) Conjurations
 + Level 9.5(8.6) Hexes
 + Level 5.9(5.0) Summonings
 + Level 4.2(3.4) Necromancy
 + Level 8.7(7.8) Transmutations
 + Level 6.0(5.2) Ice Magic
 + Level 6.1(5.2) Poison Magic
 + Level 6.5(5.7) Invocations
 + Level 3.6(2.9) Evocations


You had 3 spell levels left.
You knew the following spells:

 Your Spells              Type           Power        Failure   Level  Hunger
a - Corona                Hex            ######.      1%          1    None
b - Ensorcelled Hibernat  Hex/Ice        #####.       1%          2    None
c - Confuse               Hex            ######..     1%          3    None
d - Tukima's Dance        Hex            ######..     1%          3    None
e - Dazzling Spray        Conj/Hex       #####...     1%          3    None
f - Call Canine Familiar  Summ           #####...     1%          3    None
g - Summon Ice Beast      Ice/Summ       #####...     4%          4    None
h - Spider Form           Trmt/Pois      #####.....   1%          3    None
i - Summon Mana Viper     Hex/Summ       #####...     6%          5    ####...
j - Animate Dead          Necr           N/A          9%          4    None
k - Fulminant Prism       Conj/Hex       #####.....   2%          4    None
l - Slow                  Hex            ######..     1%          2    None


Dungeon Overview and Level Annotations

Branches:
Dungeon (12/15)            Temple (1/1) D:5            Lair (8/8) D:8
 Shoals (0/4) Lair:4        Snake (0/4) Lair:6        Slime (0/6) Lair:6
    Orc (4/4) D:12            Elf (2/3) Orc:4

Altars:
Ashenzari
Cheibriados
Dithmenos
Elyvilon
Fedhas
Gozag
Kikubaaqudgha
Makhleb
Nemelex Xobeh
Okawaru
Qazlal
Ru
Sif Muna
Trog
Vehumet
Xom
Yredelemnul
Zin
The Shining One
Beogh
Jiyva

Shops:
D:6 [   Orc:1 ([}*   Orc:3 [*}?   Orc:4 (=(!


Innate Abilities, Weirdness & Mutations

You are tiny and cannot use many weapons and most armour.
You have supernaturally acute eyesight.
You are a herbivore.
You cover ground extremely quickly.
You need consume almost no food.
You passively map a small area around you.
You are weak. (Str -2)
Potions and wands are less effective at restoring your health.


Message History

Found a stone staircase leading up.
You see here a potion of degeneration.
The deep elf mage shouts! x2
You puncture the deep elf priest!
The deep elf priest is moderately wounded.
The deep elf priest completely misses you.
You puncture the deep elf priest!
The deep elf priest is severely wounded.
You closely miss the deep elf death mage.
You block the deep elf priest's attack.
You hit the deep elf priest.
The deep elf priest is severely wounded.
The deep elf death mage casts a spell at you.
The bolt of negative energy hits you!
You feel drained.
Ouch! That really hurt!
* * * LOW HITPOINT WARNING * * *
You emit a cloud of dark smoke.
The deep elf priest invokes the aid of its god against you.
Something smites you!
You die...

* *
#...<...e..##
#.........[.##
*#............##
>+......e......#
,
+......[e....#*
* #......§§§(.#
#....ee§§§#
#=..e§§§#
##....@##
####+## * ,, ,**
,, * * * ** *, *
, * ,


You could see a deep elf death mage, a deep elf priest and a deep elf mage.

Vanquished Creatures
  An orc warlord (Orc:4)
  2 deep elf demonologists (Elf:1)
  A minotaur (Lab)
  A fire dragon (Lair:8)
  An ettin (Orc:3)
  A catoblepas (Lair:8)
  5 hydras
  A centaur warrior (D:12)
  12 death yaks
  8 orc high priests
  8 deep elf knights
  Pikel (D:5)
  3 deep elf summoners (Elf:1)
  5 orc sorcerers
  8 deep elf conjurers (Elf:1)
  5 orc knights
  A hill giant (D:11)
  4 manticores
  2 ugly things (D:11)
  4 griffons
  An oklob plant (Orc:1)
  3 cyclopes
  8 black mambas
  3 sirens (Lair:4)
  11 elephants
  A centaur skeleton (D:10)
  A kobold demonologist (D:12)
  A torpor snail (Lair:3)
  8 komodo dragons
  5 spiny frogs
  4 deep elf priests (Elf:1)
  A merfolk (Lair:4)
  7 fire drakes
  3 polar bears
  11 trolls
  4 two-headed ogres
  A boulder beetle (Lair:6)
  15 blink frogs
  Prince Ribbit (D:5)
  2 trapdoor spider zombies
  A trapdoor spider (D:11)
  A wraith (D:12)
  Sigmund (D:5)
  10 deep elf magi
  9 wyverns
  A basilisk (shapeshifter) (Elf:1)
  23 deep elf fighters
  Eustachio (D:5)
  40 yaks
  3 steam dragons (Lair:8)
  A shadow (D:11)
  2 fire bats (Volcano)
  8 wargs
  11 hippogriffs
  4 wolves (Lair:8)
  5 basilisks
  Edmund (D:5)
  A mottled dragon (Lair:8)
  6 nagas
  15 water moccasins
  58 orc warriors
  11 porcupines
  2 swamp drakes (Lair:8)
  An eye of draining (D:8)
  An ice beast (D:7)
  2 sky beasts
  4 phantoms
  16 ogres
  A slave (D:5)
  15 centaurs
  13 crocodiles
  18 giant frogs
  A big kobold (D:11)
  2 gnoll sergeants
  6 scorpions
  4 quasits
  35 orc priests
  4 jellies
  A giant frog zombie (D:12)
  A wasp zombie (D:12)
  4 crimson imps
  2 centaur zombies
  8 hounds
  Crazy Yiuf (D:5)
  14 iguanas
  38 orc wizards
  Terence (D:3)
  2 hell rats (D:8)
  10 worker ants
  4 big kobold zombies (Ossuary)
  A killer bee zombie (D:10)
  10 sheep
  A hound zombie (D:7)
  A mummy (Ossuary)
  14 adders
  7 gnolls
  48 river rats
  4 shadow imps
  An ooze (D:3)
  3 worms
  2 giant geckos
  298 orcs
  2 spectral bats (Ossuary)
  3 bat skeletons
  2 giant cockroaches
  20 hobgoblins
  15 jackals
  8 quokkas
  13 bats
  2 bat simulacra (Ossuary)
  A giant gecko skeleton (D:4)
  5 giant newts
  8 gnoll zombies (Ossuary)
  24 goblins
  5 goblin simulacra (Ossuary)
  5 goblin zombies (Ossuary)
  5 hobgoblin zombies (Ossuary)
  A jackal skeleton (D:4)
  19 kobolds
  3 kobold simulacra (Ossuary)
  4 kobold zombies (Ossuary)
  3 orc zombies (Ossuary)
  A quokka skeleton (D:6)
  15 rats
  A rat simulacrum (Ossuary)
  2 spectral goblins (Ossuary)
  2 spectral kobolds (Ossuary)
  3 spectral rats (Ossuary)
  A fungus (Lair:8)
  A plant (Lair:8)
1153 creatures vanquished.

Vanquished Creatures (collateral kills)
  A death yak (Lair:5)
1 creature vanquished.

Vanquished Creatures (others)
  A deep elf high priest (Elf:1)
  A deep elf fighter (Elf:1)
  2 centaurs
  An iguana (Lair:8)
  An orc wizard (Elf:1)
  A worker ant (D:5)
  A worker ant zombie (D:5)
  An orc (Orc:3)
  A hobgoblin (Orc:4)
  A goblin (D:5)
  A hobgoblin zombie (Ossuary)
  2 fulminant prisms
  7 fungi
  A plant (Lair:8)
22 creatures vanquished.

Grand Total: 1176 creatures vanquished

Notes
Turn   | Place    | Note
--------------------------------------------------------------
     0 | D:1      | Kidiri the Spriggan Enchanter began the quest for the Orb.
     0 | D:1      | Reached XP level 1. HP: 9/9 MP: 5/5
   155 | D:1      | Reached XP level 2. HP: 13/13 MP: 7/7
   159 | D:1      | Learned a level 2 spell: Ensorcelled Hibernation
  1065 | D:2      | Reached XP level 3. HP: 16/16 MP: 8/8
  1092 | D:2      | Found a stormy altar of Qazlal.
  1093 | D:2      | Noticed a water elemental
  1093 | D:2      | Noticed an earth elemental
  1093 | D:2      | Noticed an air elemental
  1093 | D:2      | Noticed a fire elemental
  1326 | D:2      | Learned a level 3 spell: Confuse
  1480 | D:2      | Reached skill level 5 in Stealth
  1938 | D:3      | Noticed Terence
  1947 | D:3      | Killed Terence
  1947 | D:3      | Reached skill level 1 in Ice Magic
  1947 | D:3      | Reached XP level 4. HP: 21/21 MP: 6/10
  2272 | D:3      | Reached XP level 5. HP: 24/24 MP: 8/11
  2277 | D:3      | Learned a level 3 spell: Tukima's Dance
  2605 | D:3      | Reached skill level 5 in Dodging
  3109 | D:4      | Reached skill level 6 in Stealth
  3312 | D:4      | Found a shadowy altar of Dithmenos.
  3322 | D:4      | Became a worshipper of Dithmenos the Shadowed
  3409 | D:4      | Found a shimmering altar of Xom.
  3795 | D:4      | Noticed a sky beast
  3915 | D:4      | Killed a sky beast
  3915 | D:4      | Reached XP level 6. HP: 12/28 MP: 7/13
  3920 | D:4      | Learned a level 3 spell: Dazzling Spray
  4115 | D:5      | Entered Level 5 of the Dungeon
  4156 | D:5      | Found a sand-covered staircase.
  4168 | Ossuary  | Entered an ossuary
  4660 | Ossuary  | Reached skill level 1 in Throwing
  5329 | Ossuary  | Acquired Dithmenos's first power
  5419 | D:5      | Noticed Prince Ribbit
  5478 | D:5      | Found a staircase to the Ecumenical Temple.
  5478 | D:5      | Noticed Sigmund
  5532 | D:5      | Reached XP level 7. HP: 30/32 MP: 14/14
  5537 | D:5      | Learned a level 3 spell: Call Canine Familiar
  5545 | D:5      | Noticed Pikel
  5569 | D:5      | Killed Pikel
  5569 | D:5      | Reached skill level 7 in Stealth
  5569 | D:5      | Reached skill level 5 in Spellcasting
  5569 | D:5      | Reached skill level 1 in Conjurations
  5569 | D:5      | Reached skill level 5 in Hexes
  5569 | D:5      | Reached skill level 1 in Summonings
  5569 | D:5      | Reached skill level 1 in Invocations
  5569 | D:5      | Reached XP level 8. HP: 28/36 MP: 5/16
  5709 | D:5      | Killed Sigmund
  5744 | Temple   | Entered the Ecumenical Temple
  6024 | D:5      | Reached skill level 8 in Stealth
  6165 | D:5      | Noticed Crazy Yiuf
  6171 | D:5      | Killed Crazy Yiuf
  6296 | D:5      | Noticed Eustachio
  6300 | D:5      | Killed Eustachio
  6315 | D:5      | Noticed Edmund
  6358 | D:5      | Killed Edmund
  6397 | D:5      | Killed Prince Ribbit
  6760 | D:6      | Got a faintly glowing cloak
  6777 | D:6      | Identified the +1 cloak of the Elven Halls {Regen+ Int-5 Dex+2 SInv} (You found it on level 6 of the Dungeon)
  6911 | D:6      | Found a glowing silver altar of Zin.
  7033 | D:6      | Reached XP level 9. HP: 31/39 MP: 14/19
  7046 | D:6      | Reached skill level 9 in Stealth
  7175 | D:6      | Found Houdgh's Armour Shoppe.
  7202 | D:6      | Bought a +0 hat for 48 gold pieces
  7238 | D:6      | Learned a level 4 spell: Summon Ice Beast
  7404 | D:6      | Acquired Dithmenos's second power
  7795 | D:6      | Found a glowing golden altar of the Shining One.
  8993 | D:7      | Learned a level 3 spell: Spider Form
  9116 | D:8      | Found a staircase to the Lair.
  9211 | D:8      | Acquired Dithmenos's third power
  9356 | D:8      | Reached skill level 1 in Poison Magic
  9571 | D:8      | Reached skill level 1 in Transmutations
 10582 | D:8      | Reached skill level 10 in Stealth
 10582 | D:8      | Reached XP level 10. HP: 44/44 MP: 18/22
 10788 | Lair:1   | Entered Level 1 of the Lair of Beasts
 11405 | Lair:1   | Gained mutation: Your flesh is heat resistant. [potion of beneficial mutation]
 11727 | Lair:1   | Reached skill level 5 in Short Blades
 11802 | Lair:1   | Reached skill level 10 in Dodging
 11809 | Lair:1   | Reached skill level 11 in Stealth
 11964 | Lair:2   | Reached XP level 11. HP: 47/47 MP: 24/24
 11971 | Lair:2   | Learned a level 5 spell: Summon Mana Viper
 12767 | Lair:3   | Found a frozen archway.
 13025 | Lair:3   | Found a staircase to the Snake Pit.
 13423 | Lair:3   | Noticed a four-headed hydra
 13427 | Lair:3   | Killed a four-headed hydra
 13909 | Lair:3   | Noticed an eight-headed hydra
 14649 | Lair:4   | Noticed a death yak
 14651 | Lair:4   | Noticed a death yak
 14652 | Lair:4   | Noticed a death yak
 14653 | Lair:4   | Noticed a death yak
 14676 | Lair:4   | Killed a death yak
 14676 | Lair:4   | Reached skill level 5 in Throwing
 14696 | Lair:4   | Killed a death yak
 14696 | Lair:4   | Reached skill level 12 in Stealth
 15048 | Lair:4   | Found a staircase to the Shoals.
 15094 | Lair:4   | Reached skill level 5 in Transmutations
 15094 | Lair:4   | Reached XP level 12. HP: 40/51 MP: 1/26
 16592 | Lair:5   | Reached skill level 10 in Spellcasting
 16716 | Lair:5   | Found a shadowy altar of Dithmenos.
 17837 | Lair:6   | Found a viscous altar of Jiyva.
 17837 | Lair:6   | Found a staircase to the Slime Pits.
 17858 | Lair:6   | Reached skill level 13 in Stealth
 18017 | Lair:6   | Learned a level 4 spell: Animate Dead
 18170 | Lair:6   | Noticed a seven-headed hydra
 18316 | Lair:6   | Noticed a seven-headed hydra
 18322 | Lair:6   | Killed a seven-headed hydra
 18371 | Lair:6   | Found a staircase to the Snake Pit.
 18471 | Lair:6   | Noticed an azure jelly
 18958 | Lair:7   | Reached skill level 1 in Necromancy
 18975 | Lair:7   | Noticed a four-headed hydra
 18981 | Lair:7   | Killed a four-headed hydra
 19183 | Lair:7   | Reached skill level 5 in Invocations
 19262 | Lair:7   | Got an ichor-stained robe
 19273 | Lair:7   | Identified the +2 robe of Truth {Int+2} (You found it on level 7 of the Lair of Beasts)
 19357 | Lair:7   | Reached skill level 5 in Ice Magic
 19609 | Lair:6   | Reached XP level 13. HP: 55/55 MP: 21/28
 20737 | Lair:8   | Entered Level 8 of the Lair of Beasts
 20839 | Lair:8   | Identified a scroll of acquirement
 20841 | Lair:8   | Got a glittering tin amulet
 20843 | Lair:8   | Identified the amulet "Zoyr Kar" {rMut *Corrode rElec Int+3 Slay+2} (You acquired it on level 8 of the Lair of Beasts)
 21154 | Lair:8   | Reached skill level 14 in Stealth
 21758 | Lair:8   | Reached skill level 5 in Summonings
 22442 | Lair:8   | Reached skill level 5 in Poison Magic
 23036 | Lair:8   | Reached XP level 14. HP: 53/59 MP: 24/30
 23370 | Lair:8   | Learned a level 4 spell: Fulminant Prism
 24645 | D:9      | Found an iron altar of Okawaru.
 25108 | D:9      | Found an ancient bone altar of Kikubaaqudgha.
 25318 | D:10     | Entered Level 10 of the Dungeon
 25440 | D:10     | Reached skill level 5 in Conjurations
 25445 | D:10     | Reached skill level 15 in Stealth
 26564 | D:11     | Lost mutation: Your flesh is heat resistant. [potion of cure mutation]
 27105 | D:11     | Upgraded the game from 0.17-a0-1337-ge651487 to 0.17-a0-1360-g37db002
 27328 | D:12     | Found a labyrinth entrance.
 27356 | Lab      | Entered a labyrinth
 28154 | Lab      | Got a shadowed robe
 28155 | Lab      | Identified the +1 robe of Tatt {rF+ MR+} (You found it in a labyrinth)
 29089 | D:12     | Found a staircase to the Orcish Mines.
 29119 | D:12     | Learned a level 2 spell: Slow
 29124 | Orc:1    | Entered Level 1 of the Orcish Mines
 29131 | Orc:1    | Found Bareqome's Weapon Boutique.
 29190 | Orc:1    | Found a dark tunnel.
 29278 | Volcano  | Entered a volcano
 29864 | Orc:1    | Got a transparent dagger
 29865 | Orc:1    | Identified the +10 dagger of Integrity {elec, *Confuse Str+6} (You found it on level 1 of the Orcish Mines)
 29913 | Orc:1    | Found Paol's Armour Shop.
 29919 | Orc:1    | Found Rein's General Store.
 29936 | Orc:1    | Bought the +1 robe of the Illusory Mice {rPois rC+ Str+3} for 362 gold pieces
 29936 | Orc:1    | Bought a +0 cloak of invisibility for 138 gold pieces
 29976 | Orc:1    | Bought a potion of heal wounds for 75 gold pieces
 29976 | Orc:1    | Bought a scroll of enchant armour for 112 gold pieces
 30014 | Orc:1    | Found Peunepsi's Gadget Emporium.
 30326 | Orc:2    | Found a bloodstained altar of Trog.
 30654 | Orc:2    | Found a roughly hewn altar of Beogh.
 30810 | Orc:2    | Acquired Dithmenos's fourth power
 31026 | Orc:3    | Found Pezxel's Gadget Shop.
 31057 | Orc:3    | Found Soedyseg's General Store.
 31063 | Orc:3    | Found Yxzalyg's Antique Armour Shop.
 31070 | Orc:3    | Bought a scroll of identify for 34 gold pieces
 31070 | Orc:3    | Bought a potion of mutation for 42 gold pieces
 31426 | Orc:2    | Reached skill level 1 in Armour
 32460 | Orc:4    | Entered Level 4 of the Orcish Mines
 32589 | Orc:4    | Reached skill level 1 in Shields
 32740 | Orc:4    | Reached skill level 1 in Evocations
 33555 | Orc:4    | Found a roughly hewn altar of Beogh.
 33786 | Orc:4    | Found Kuelofiq's Weapon Emporium.
 33914 | Orc:4    | Found Picwiny's Jewellery Shoppe.
 33934 | Orc:4    | Bought an uncursed ring of protection from fire for 450 gold pieces
 33934 | Orc:4    | Bought an uncursed ring of flight for 315 gold pieces
 34185 | Orc:4    | Noticed an orc warlord
 34186 | Orc:4    | Found a roughly hewn altar of Beogh.
 34223 | Orc:4    | Killed an orc warlord
 34223 | Orc:4    | Reached XP level 15. HP: 43/63 MP: 21/32
 34754 | Orc:4    | Found Vesis's Antique Weapon Emporium.
 35099 | Orc:4    | Found Anliczetat's Distillery.
 35160 | Orc:4    | Bought 2 potions of mutation for 70 gold pieces
 35161 | Orc:4    | Gained mutation: You passively map a small area around you. [potion of mutation]
 35161 | Orc:4    | Gained mutation: Potions and wands are less effective at restoring your health. [potion of mutation]
 35161 | Orc:4    | Gained mutation: You are weak. (Str -2) [potion of mutation]
 35311 | Orc:4    | Reached skill level 16 in Stealth
 35424 | Orc:4    | Found a staircase to the Elven Halls.
 35799 | Orc:3    | Found Huel Eli's Magic Scroll Boutique.
 35841 | Orc:3    | Bought a scroll of enchant armour for 105 gold pieces
 35842 | Orc:3    | Bought a scroll of enchant armour for 105 gold pieces
 35842 | Orc:3    | Bought a scroll of enchant armour for 105 gold pieces
 36109 | Elf:1    | Entered Level 1 of the Elven Halls
 36961 | Elf:1    | Noticed a Hell Sentinel
 37353 | Elf:1    | Reached skill level 15 in Dodging
 38823 | Elf:2    | Killed from afar by a deep elf priest

Vault maps used:
D:1:      shiori_arrival_oz, minmay_three_crescents
D:2:      nicolae_qazlal_style_of_elements, st_stairs_14
D:3:      minmay_misc_feat_alley, uniq_terence
D:4:      kennysheep_mini, lemuel_crystal_altar, serial_bayou_lagoon_b
D:5:      temple_pool_b, first_bread, lightli_ossuary_entry_decrepit_ruins,
          uniq_sigmund, uniq_crazy_yiuf_cottage, uniq_edmund, uniq_eustachio,
          uniq_pikel, uniq_prince_ribbit1
D:6:      lemuel_doored_altar, tso_oasis_becter, serial_shops, shop
D:8:      dpeg_lair_monsters
D:9:      okawaru_metal_pillars_1_2, lemuel_crystal_altar
D:12:     david_orc_4, lab_entry_generic
Temple:   chambers_temple_12
Lair:1:   grunt_megastairs_5
Lair:3:   guppyfry_snake_entry_garden, portal_ice_cave_entry_pillars_02
Lair:4:   elwin_shoals_entry_stream
Lair:5:   minivault_19, lemuel_centaur_altar, serial_bayou_shore_a
Lair:6:   minmay_snake_entry_guardpost_small, dpeg_slime_entry_enclosed_altar,
          hibernation_bobbens
Lair:7:   beast_lair_carwin_3
Lair:8:   hangedman_lair_in_review, guppyfry_lair_end_dragon
Orc:1:    enter_volcano_1, serial_shops, shop_fountains, nicolae_shop_trees,
          nicolae_shop_stone, nicolae_shop_competitors_out_of_business,
          mines3_lemuel
Orc:2:    basic_altar, nicolae_orc_pool_cavern, minmay_orc_temple_b
Orc:3:    serial_shops, shop, nicolae_shop_stone, nicolae_shop_statue_plus,
          nicolae_shop_crystal, special_room
Orc:4:    pubby_orc_utopia
Elf:1:    serial_sigils, serial_sigils_hangedman_scratch,
          serial_sigils_hangedman_snap, serial_sigils_hangedman_quiver,
          serial_sigils_hangedman_stare, serial_sigils_hangedman_leer,
          orc_legates, grunt_megastairs_2
Elf:2:    serial_shops, nicolae_shop_overgrown_old_shop, enter_trove_2,
          uniq_norris
Lab:      labyrinth_green, labyrinth_glass_1
Ossuary:  ossuary_zaba_two_paths
Volcano:  volcano_village

Action                   |  1- 3 |  4- 6 |  7- 9 | 10-12 | 13-15 || total
-------------------------+-------+-------+-------+-------+-------++-------
Melee: Dagger            |   104 |   224 |   289 |   388 |  1505 ||  2510
 Cast: Corona            |     5 |       |     2 |     6 |     5 ||    18
       Ensorcelled Hiber |    12 |    18 |    65 |   132 |   185 ||   412
       Confuse           |       |    24 |    25 |    56 |    41 ||   146
       Dazzling Spray    |       |     1 |     2 |    24 |    82 ||   109
       Summon Ice Beast  |       |       |     1 |     7 |       ||     8
       Summon Mana Viper |       |       |       |       |     1 ||     1
       Fulminant Prism   |       |       |       |       |     2 ||     2
Invok: Shadow Step       |       |       |       |    18 |    36 ||    54
 Abil: Evoke Invisibilit |       |       |       |       |    10 ||    10
       Evoke Flight      |       |       |       |       |     1 ||     1
  Use: Scroll            |     6 |     6 |     5 |     9 |    31 ||    57
       Potion            |     1 |       |       |     2 |    10 ||    13
 Stab: Sleeping          |    21 |    32 |    71 |   130 |   261 ||   515
       Distracted        |     1 |     2 |     3 |       |    14 ||    20
       Confused          |       |    10 |     9 |    14 |    16 ||    49
       Invisible         |       |       |     1 |    10 |    67 ||    78
  Eat: Bread ration      |       |     1 |     1 |     1 |     3 ||     6
       Fruit             |       |       |     3 |     7 |       ||    10
